 Dungeon Crawl Stone Soup version 0.31-a0-198-g2ad674f65e (webtiles) character file.

Game seed: 6507047266598508738

88 qw the Shooter (level 4, -9/25 HPs)
             Began as a Deep Elf Hunter on June 25, 2023.
             Mangled by a gnoll
             ... wielding a +0 halberd
              (13 damage)
             ... on level 2 of the Dungeon.
             The game lasted 00:00:30 (988 turns).

qw the Shooter (Deep Elf Hunter)                     Turns: 988, Time: 00:00:31

Health: -9/25      AC:  6    Str: 10    XL:     4   Next: 29%
Magic:  6/6        EV: 11    Int: 17    God:
Gold:   143        SH:  0    Dex: 18    Spells: 3/3 levels left

rFire   . . .        Y - +0 shortbow
rCold   . . .        (shield currently unavailable)
rNeg    . . .        c - +1 ring mail "Veygeub" {Int+3}
rPois   .            (no helmet)
rElec   .            (no cloak)
rCorr   .            (no gloves)
SInv    .            (no boots)
Will    .....        (no amulet)
Stlth   +            (no ring)
HPRegen 0.24/turn    (no ring)
MPRegen 0.10/turn

%: no passive effects
@: about to teleport
A: no striking features
a: no special abilities


You were on level 2 of the Dungeon.
You visited 1 branch of the dungeon, and saw 2 of its levels.

You collected 143 gold pieces.


   Skills:
 - Level 1.5 Fighting
 + Level 7.7 Ranged Weapons
 - Level 2.4 Dodging
 - Level 1.2 Stealth


You had 3 spell levels left.
You didn't know any spells.
Your spell library was empty.

Inventory:

Hand Weapons
 Y - a +0 shortbow (weapon)
Armour
 c - the +1 ring mail "Veygeub" (worn) {Int+3}
   (You found it on level 2 of the Dungeon)

   Int:       It affects your intelligence (+3).
Jewellery
 d - a ring of positive energy
 e - a ring of wizardry
 h - a ring of fire
Scrolls
 a - a scroll of vulnerability {unknown}
 f - a scroll of identify {unknown}
 k - a scroll of enchant weapon {unknown}
Potions
 b - a potion of enlightenment {unknown}
 g - a potion of might {unknown}
 i - a potion of curing {unknown}

Dungeon Overview and Level Annotations

Branches:
Dungeon (2/15)

Altars:


Message History

You kill the gnoll!
You have reached level 4!
You feel clever.
You shoot an arrow. The arrow hits the gnoll!
The gnoll is severely wounded.
You shoot an arrow. The arrow barely misses the gnoll.
The gnoll hits you with a +0 club.
You shoot an arrow. The arrow closely misses the gnoll.
The arrow completely misses the adder.
The arrow hits the gnoll.
The gnoll is heavily wounded.
The gnoll barely misses you.
You shoot an arrow. The arrow barely misses the gnoll.
The arrow hits the adder.
The adder is moderately wounded.
The gnoll closely misses you.
You shoot an arrow. The arrow hits the gnoll!
You kill the gnoll!
The adder closely misses you.
You shoot an arrow. The arrow hits the adder!
The adder is almost dead.
The adder bites you.
The gnoll hits you from afar with a +0 halberd.
You shoot an arrow. The arrow hits the adder.
You kill the adder!
The gnoll barely misses you.
You shoot an arrow. The arrow hits the gnoll.
The gnoll is severely wounded.
The gnoll misses you.
You shoot an arrow. The arrow closely misses the gnoll.
The gnoll hits you from afar with a +0 halberd!
The gnoll barely misses you.
You shoot an arrow. The arrow barely misses the gnoll.
The gnoll hits you from afar with a +0 halberd!
987 ||| READING scroll of teleportation.
As you read the scroll of teleportation, it crumbles to dust.
You feel strangely unstable. The gnoll barely misses you.
You shoot an arrow. The arrow hits the gnoll.
The gnoll is almost dead.
The gnoll hits you from afar with a +0 halberd!
Ouch! That really hurt!
You die...

#........# ...
#........## ..
#.........### ..
#............ .##
#.........### ).#
#.........## #g#
#..........# #)#
#..#).####.#
#@####.###..# #.##
#......# ##.###..#
####..#####..###.#
#.....<......>..
#.#########.###.
#.# #.# #. # ##
#.# #.# #. ## ##
#.# #.# #. ##. ##
##.# #.# ##


You could see a gnoll.

Vanquished Creatures
  2 gnolls (D:2)
  3 adders (D:2)
  3 dart slugs
  6 bats
  5 endoplasms
  A giant cockroach (D:2)
  A goblin (D:1)
  3 hobgoblins
  4 quokkas
  2 ball pythons (D:1)
  3 frilled lizards
  4 kobolds
  2 rats (D:2)
39 creatures vanquished.

Notes
Turn   | Place    | Note
-------+----------+-------------------------------------------
     0 | D:1      | qw the Deep Elf Hunter began the quest for the Orb.
     0 | D:1      | Reached XP level 1. HP: 12/12 MP: 3/3
     0 | D:1      | 0 ||| qw: Version: 0.3-a-22-g0ed2b0b
     0 | D:1      | 0 ||| qw: Game counter: 5366
     0 | D:1      | 0 ||| qw: Melee chars always use a shield: true
     0 | D:1      | 0 ||| qw: God list: Okawaru
     0 | D:1      | 0 ||| qw: Allow faded altars: false
     0 | D:1      | 0 ||| qw: Do Orc after clearing Dungeon:15 true
     0 | D:1      | 0 ||| qw: Do second Lair branch before Depths: true
     0 | D:1      | 0 ||| qw: Lair rune preference: random
     0 | D:1      | 0 ||| qw: Goals: Normal
     0 | D:1      | 0 ||| PLANNING D:1-11
   129 | D:1      | Reached XP level 2. HP: 13/16 MP: 4/4
   152 | D:1      | Reached skill level 6 in Ranged Weapons
   208 | D:1      | Found a faded altar of an unknown god.
   561 | D:1      | 561 ||| READING scroll labelled LAGGUI WALLO.
   562 | D:1      | 562 ||| READING scroll labelled FITACH YRUUXEE.
   563 | D:1      | 563 ||| READING scroll labelled TUHATHU LINYN.
   564 | D:1      | 564 ||| READING 2 scrolls labelled XARYZY WUMPI.
   568 | D:1      | 568 ||| DROPPING scroll of butterflies.
   597 | D:2      | Reached XP level 3. HP: 20/20 MP: 5/5
   757 | D:2      | 757 ||| UPGRADING to +0 ring mail.
   770 | D:2      | Reached skill level 7 in Ranged Weapons
   801 | D:2      | 801 ||| DROPPING +0 leather armour.
   804 | D:2      | Identified the +1 ring mail "Veygeub" {Int+3}
   806 | D:2      | 806 ||| UPGRADING to +1 ring mail "Veygeub" {Int+3}.
   816 | D:2      | 816 ||| DROPPING +0 ring mail.
   977 | D:2      | Reached XP level 4. HP: 25/25 MP: 6/6
   986 | D:2      | HP: 3/25 [gnoll/+0 halberd (7)]
   987 | D:2      | 987 ||| READING scroll of teleportation.
   988 | D:2      | Mangled by a gnoll

Levels and vault maps discovered:
D:1:      dpeg_arrival_short_road, layout_basic, basic_ecumenical_altar
D:2:      layout_rooms, reono_crystal_passage

Skill      XL: |  1  2  3 |
---------------+----------+-----
Ranged Weapons | 6 7 |  7.7
Fighting       | |  1.5
Dodging        | |  2.4
Stealth        | |  1.2

Action                     |  1- 3 |  4- 6 || total
---------------------------+-------+-------++-------
   Fire: Shortbow          |   109 |    11 ||   120
    Use: Scroll            |     4 |     1 ||     5
 Armour: Leather armour    |    13 |       ||    13
  Dodge: Dodged            |    27 |     7 ||    34

Table legend:
 A = Non-vault XP
 B = Vault XP
 C = Vault XP percentage of total XP
 D = Non-vault monster count
 E = Vault monster count
 F = Vault count percentage of total count
                 A         B        C        D         E       F
            +---------+---------+-------+---------+---------+-------
      Total |     126 |       0 |   0.0 |      39 |       0 |   0.0
            +---------+---------+-------+---------+---------+-------
        D:1 |      31 |       0 |   0.0 |      17 |       0 |   0.0
        D:2 |      95 |       0 |   0.0 |      22 |       0 |   0.0
            +---------+---------+-------+---------+---------+-------
